AoeStats
← theoKn

African Clearing

510414232Analyzed
4v4 RM · 15h ago on Sep 30, 2026· 52m 58s· 8 players
Game mode
Random Map
Map size
Large (8 player)
Population
200
Speed
Normal
Resources
Standard
Victory
Conquest
Starting age
Dark Age
Ending age
Imperial Age
RankedLock teamsTeams togetherTeam positionsShared explorationLock speedFull tech treeHidden civsTurbo modeCheats
Victory
Defeat
🇵🇪 Lithuanians · Peru
1071
+12
🇨🇴 Khmer · Colombia
1022
+13
🇨🇳 Varangians · China
1005
+14
🇺🇸 Saracens · United States
895
+18
🇸🇰 Berbers · Slovakia
1084
-19
🇧🇷 Hindustanis · Brazil
936
-13
🇹🇷 Turks · Türkiye
924
-13
🇦🇷 Persians · Argentina
914
-12
donoban.ramirez
4:29 Loom
15:23 Feudal Age
16:44 Double-Bit Axe
17:09 Man-at-Arms
20:58 Wheelbarrow
20:50 Forging
20:39 Gold Mining
29:14 Castle Age
28:33 Town Watch
28:48 Fletching
29:02 Scale Mail Armor
30:10 Pikeman
30:48 Crossbowman
31:51 Chain Mail Armor
32:23 Elite Skirmisher
35:13 Iron Casting
38:00 Bow Saw
37:51 Horse Collar
39:02 Heavy Plow
40:02 Scale Barding Armor
42:47 Hand Cart
42:18 Town Watch
43:17 Town Patrol
44:44 Husbandry
45:38 Bimaristan
46:07 Long Swordsman
46:33 Gambesons
47:55 Bloodlines
48:08 Chain Barding Armor
50:46 Stone Mining
51:21 Thumb Ring
53:54 Imperial Age
开局一片田
15:39 Feudal Age
13:55 Loom
16:57 Double-Bit Axe
19:51 Castle Age
19:35 Scale Barding Armor
19:41 Forging
20:53 Bow Saw
20:35 Fishing Lines
21:45 Chain Barding Armor
21:59 Gillnets
22:16 Husbandry
23:18 Gold Mining
24:32 Horse Collar
28:08 Wheelbarrow
29:51 Stone Mining
31:13 Bloodlines
34:04 Hand Cart
34:37 Stone Shaft Mining
35:17 Heavy Plow
39:44 Imperial Age
37:02 Town Watch
37:19 Scale Mail Armor
38:36 Chain Mail Armor
38:56 Iron Casting
38:51 Town Patrol
39:01 Squires
38:47 Arson
38:30 Pikeman
39:50 Halberdier
39:54 Capped Ram
41:07 Plate Mail Armor
41:38 Blast Furnace
41:00 Conscription
42:02 Crop Rotation
41:11 Elite Varangian Guard
44:30 Blast Furnace
43:09 Gothikon
43:47 Siege Ram
46:17 Two-Man Saw
45:57 Vendel Legacy
46:03 Elite Jarl
47:28 Treadmill Crane
RafaelKubo
8:14 Loom
14:08 Feudal Age
14:46 Double-Bit Axe
18:50 Castle Age
18:02 Gold Mining
18:30 Bloodlines
19:22 Forging
19:58 Husbandry
22:16 Scale Barding Armor
25:19 Fervor
29:47 Iron Casting
29:21 Town Watch
29:41 Pikeman
30:21 Squires
32:18 Squires
32:04 Arson
34:31 Wheelbarrow
36:01 Sanctity
35:42 Devotion
36:37 Chain Barding Armor
36:08 Fletching
36:19 Scale Mail Armor
40:01 Hand Cart
39:48 Town Patrol
45:28 Imperial Age
45:31 Cavalier
45:45 Cavalier
47:31 Plate Barding Armor
46:47 Fletching
46:58 Padded Archer Armor
47:14 Chain Mail Armor
49:32 Bow Saw
50:40 Paladin
51:54 Horse Collar
52:13 Bodkin Arrow
52:33 Chain Mail Armor
53:19 Conscription
santiagoa311
6:19 Loom
15:54 Feudal Age
19:36 Castle Age
17:35 Horse Collar
18:02 Double-Bit Axe
19:30 Scale Barding Armor
26:09 Bloodlines
27:06 Stone Mining
27:09 Gold Mining
30:04 Husbandry
30:41 Fletching
30:39 Town Watch
31:24 Forging
37:21 Fortified Wall
37:06 Murder Holes
38:03 Ballistics
38:20 Chain Barding Armor
39:52 Iron Casting
39:13 Bodkin Arrow
40:14 Wheelbarrow
40:39 Town Patrol
40:51 Padded Archer Armor
41:08 Scale Mail Armor
45:30 Imperial Age
43:46 Hand Cart
43:56 Hand Cart
46:09 Bow Saw
46:07 Heavy Plow
46:35 Double Crossbow
47:13 Bracer
47:50 Plate Barding Armor
47:52 Conscription
48:53 Blast Furnace
49:51 Chemistry
48:17 Cavalier
50:50 Chain Mail Armor
50:21 Heavy Scorpion
52:38 Gold Shaft Mining
Evil Morty
14:43 Feudal Age
15:15 Double-Bit Axe
15:13 Horse Collar
18:25 Wheelbarrow
18:52 Fishing Lines
25:50 Castle Age
23:39 Loom
23:45 Town Watch
24:20 Gold Mining
27:29 Bloodlines
28:21 Hand Cart
28:15 Husbandry
30:15 Scale Barding Armor
30:39 Forging
30:49 Bow Saw
31:46 Chain Barding Armor
33:40 Gold Shaft Mining
33:44 Iron Casting
36:18 Fletching
36:29 Padded Archer Armor
36:13 Treadmill Crane
36:54 Ballistics
38:05 Bodkin Arrow
38:22 Murder Holes
38:39 Masonry
41:42 Imperial Age
42:10 Kasbah
42:26 Stone Mining
42:13 Onager
43:43 Conscription
45:42 Heavy Camel Rider
45:45 Elite Camel Archer
Battosai
13:35 Feudal Age
12:09 Loom
15:08 Wheelbarrow
14:55 Double-Bit Axe
15:15 Horse Collar
22:09 Castle Age
22:06 Scale Mail Armor
23:00 Hand Cart
22:17 Pikeman
22:57 Squires
24:07 Chain Mail Armor
24:02 Forging
24:40 Heavy Plow
28:38 Forging
theoKn
3:49 Loom
13:52 Feudal Age
15:13 Wheelbarrow
14:51 Double-Bit Axe
17:43 Bloodlines
18:42 Scale Barding Armor
21:34 Castle Age
39:05 Hand Cart
39:36 Chain Barding Armor
43:46 Imperial Age
43:36 Bow Saw
44:59 Artillery
46:10 Heavy Camel Rider
46:53 Husbandry
48:37 Plate Barding Armor
48:31 Bombard Tower
49:34 Ballistics
HaweN
12:58 Feudal Age
21:09 Castle Age
20:08 Forging
21:06 Loom
21:28 Double-Bit Axe
23:03 Bow Saw
34:52 Town Watch
36:54 Wheelbarrow
36:26 Scale Barding Armor
Connection lost

Rejoining the realm…

Still unreachable

The connection could not be restored.

Session expired

The server has moved on; the page needs a fresh start.